 Dungeon Crawl Stone Soup version 0.27-a0-406-g23f261fbd2 (webtiles) character file.

Game seed: 2733702376784923017

102 wakim the Sneak (level 4, -9/21 HPs)
             Began as a Spriggan Enchanter on Feb 22, 2021.
             Killed by divine providence
             ... invoked by an orc priest
              (14 damage)
             ... on level 3 of the Dungeon.
             The game lasted 00:10:58 (2838 turns).

wakim the Sneak (Spriggan Enchanter)                Turns: 2838, Time: 00:10:59

Health: -9/21      AC:  2    Str:  4    XL:     4   Next: 49%
Magic:  0/11       EV: 17    Int: 17    God:
Gold:   204        SH:  0    Dex: 15    Spells: 8/11 levels left

rFire    . . .     SeeInvis +   a - +2 dagger (protect)
rCold    . . .     Faith    .   (shield restricted)
rNeg     . . .     Spirit   +   o - +0 robe
rPois    .         Reflect  .   (helmet restricted)
rElec    .         Harm     .   (no cloak)
rCorr    .         Rampage  .   (gloves unavailable)
Will     .....                  (boots unavailable)
Stlth    +++.......             c - amulet of guardian spirit
HPRegen  0.07/turn              q - ring of see invisible
MPRegen  0.12/turn              (no ring)

@: very quick
A: very small, unfitting armour, see invisible, speed 3
a: no special abilities


You were on level 3 of the Dungeon.
You visited 1 branch of the dungeon, and saw 3 of its levels.

You collected 204 gold pieces.

Inventory:

Hand Weapons
 a - a +2 dagger of protection (weapon)
 b - a +0 rapier
Missiles
 e - 2 throwing nets
Armour
 o - a +0 robe (worn)
Jewellery
 c - an amulet of guardian spirit (around neck)
 q - a ring of see invisible (left hand)
Scrolls
 d - 4 scrolls of identify {unknown}
 g - a scroll of enchant weapon {unknown}
 h - a scroll of noise {unknown}
 k - 2 scrolls of immolation {unknown}
 m - a scroll of amnesia {unknown}
 n - a scroll of teleportation {unknown}
 r - a scroll of enchant armour {unknown}
Potions
 f - a potion of invisibility
 i - a potion of curing {unknown}
 j - a potion of heal wounds
 l - 2 potions of degeneration {unknown}
 p - a potion of mutation {unknown}


   Skills:
 + Level 1.3 Short Blades
 - Level 2.6 Dodging
 + Level 5.2 Stealth
 - Level 4.0 Spellcasting
 * Level 4.9 Hexes
 * Level 0.8 Ice Magic


You had 8 spell levels left.
You knew the following spells:

 Your Spells              Type           Power        Failure   Level
a - Corona                Hex            22%          1%          1
b - Ensorcelled Hibernat  Hex/Ice        26%          8%          2

Your spell library contained the following spells:

 Spells                   Type           Power        Failure   Level
 Confusing Touch          Hex            20%          6%          3
 Tukima's Dance           Hex            20%          6%          3
 Dazzling Flash           Conj/Hex       22%          17%         3


Dungeon Overview and Level Annotations

Branches:
Dungeon (3/15)

Altars:
Cheibriados


Innate Abilities, Weirdness & Mutations

You are very small and have problems with some larger weapons.
You are too small for most types of armour.
You have supernaturally acute eyesight. (SInv)
You cover ground extremely quickly.


Message History

q - a ring of see invisible (left hand)
r - a scroll labelled ZECRASM SAUM
There is a stone staircase leading down here.
A rat comes into view.
The rat resists with significant effort.
The rat looks drowsy...
The helpless rat fails to defend itself.
You impale the rat!!
Your weapon exudes an aura of protection.
You kill the rat!
A quokka comes into view.
You miscast Ensorcelled Hibernation.
You are very lightly contaminated with residual magic.
Nothing appears to happen.
The quokka looks drowsy...
The helpless quokka fails to defend itself.
You impale the quokka!!
Your weapon exudes an aura of protection.
You kill the quokka!
You start resting.
Your magical contamination has completely faded away.
You start resting.
Magic restored.
You open the door. 2 orcs and an orc priest come into view.
Found a whip.
Found a stone staircase leading down.
The orc priest shouts!
The orc shouts! x2
There is an open door here.
The orc priest resists with some effort.
The orc priest hits you with a +0 flail!
The orc priest resists with some effort.
The orc closely misses you. The orc priest misses you.
The orc priest calls down the wrath of Beogh upon you.
Beogh smites you!
Ouch! That really hurt!
* * * LOW HITPOINT WARNING * * *
The orc priest invokes the aid of Beogh against you.
Beogh smites you!
Ouch! That really hurt!
You die...

........###
..........#.....
..........#.....
................ ..# .#
...........# ... ..###.#
####.......## .. ......
###......#.##.#. ....#
......(..#.##.#.###....#
.........#.##...@.#....#
.................o#....#.#
..................'oo...>#
....##............######.#
....##.###............#
.#####.###............#
......................#
#.......##..###.......#
..†.........# #.......#


You could see an orc priest and an orc.

Vanquished Creatures
  3 adders
  A dart slug (D:3)
  2 leopard geckos
  A ball python (D:3)
  7 bats
  6 giant cockroaches
  6 goblins
  10 hobgoblins
  6 jackals (D:3)
  4 quokkas
  A frilled lizard (D:3)
  4 kobolds
  16 rats
67 creatures vanquished.

Notes
Turn   | Place    | Note
-------+----------+-------------------------------------------
     0 | D:1      | wakim the Spriggan Enchanter began the quest for the Orb.
     0 | D:1      | Reached XP level 1. HP: 9/9 MP: 5/5
   596 | D:1      | Reached XP level 2. HP: 13/13 MP: 7/7
   911 | D:1      | Learned a level 2 spell: Ensorcelled Hibernation
  1212 | D:2      | Reached XP level 3. HP: 16/16 MP: 2/8
  1492 | D:2      | Reached skill level 5 in Stealth
  2206 | D:3      | Reached XP level 4. HP: 21/21 MP: 8/11
  2651 | D:3      | Found a snail-covered altar of Cheibriados.
  2838 | D:3      | Killed from afar by an orc priest

Illustrated notes

Levels and vault maps discovered:
D:1:      mrwooster_arrival_statue_3, layout_basic
D:2:      wander_river, layout_loops_ring, minmay_randomly_rotated_circles
D:3:      layout_basic, kennysheep_slug_shrine

Skill      XL: |  1  2  3 |
---------------+----------+-----
Spellcasting   | 3 4 |  4.0
Hexes          | 4 |  4.9
Stealth        | 5 |  5.2
Short Blades   | |  1.3
Dodging        | |  2.6
Ice Magic      | |  0.8

Action                   |  1- 3 |  4- 6 || total
-------------------------+-------+-------++-------
Melee: Dagger            |    96 |    60 ||   156
       Rapier            |    31 |       ||    31
 Cast: Corona            |     8 |     1 ||     9
       Ensorcelled Hiber |    25 |    20 ||    45
  Use: Potion            |     3 |       ||     3
 Stab: Sleeping          |    27 |    12 ||    39
Armor: Robe              |    13 |    10 ||    23
Dodge: Dodged            |    94 |    58 ||   152

Table legend: (Time is in decaauts)
 A = Elapsed time spent in this place.
 B = Non-inter-level travel time spent in this place.
 C = Inter-level travel time spent in this place.
 D = Time resting spent in this place.
 E = Time spent auto-exploring this place.
 F = Levels seen in this place.
 G = Mean time per level.
                   A        B        C        D        E       F      G
               +--------+--------+--------+--------+--------+-----+--------+
         Total |   2234 |   2209 |     25 |    928 |    613 |   3 |  744.7 |
       Dungeon |   2234 |   2209 |     25 |    928 |    613 |   3 |  744.7 |
               +--------+--------+--------+--------+--------+-----+--------+

Top non-repeatable levels by time:
     D:1: 868 daAuts
     D:2: 843 daAuts
     D:3: 522 daAuts
